 Dungeon Crawl Stone Soup version 0.17-a0-1731-g129c023 (webtiles) character file.

1705 sugabear the Shield-Bearer (level 9, 0/56 HPs)
             Began as a Gargoyle Fighter on Aug 29, 2015.
             Slain by an ogre
             ... wielding a +0 giant club
              (18 damage)
             ... on level 5 of the Dungeon.
             The game lasted 00:07:37 (3957 turns).

sugabear the Shield-Bearer (Gargoyle Fighter)       Turns: 3957, Time: 00:07:38

Health: 0/56       AC: 18    Str: 23    XL:     9   Next: 3%
Magic:  8/8        EV:  6    Int:  9    God:
Gold:   291        SH: 11    Dex:  9    Spells: 0 memorised, 8 levels left

rFire  . . .     SeeInvis .     q - +2 hand axe (elec)
rCold  . . .     Clarity  .     r - +0 chain mail
rNeg   + . .     SustAt   .     c - +0 shield
rPois  ∞         Gourm    .     D - +1 helmet
rElec  +         Spirit   .     (no cloak)
rCorr  .         Warding  .     (no gloves)
rMut   .         Stasis   .     (no boots)
MR     +....                    (no amulet)
Stlth  ..........               (no ring)
                                (no ring)

@: somewhat resistant to hostile enchantments, extremely unstealthy
A: blurry vision 1, low mp 1, magic resistance 1, negative energy resistance 1,
electricity resistance, slow healing 1, wild magic 1, unbreathing, petrification
resistance, rot immunity, AC +5
a: no special abilities


You were on level 5 of the Dungeon.
You were not hungry.

You visited 1 branch of the dungeon, and saw 6 of its levels.
You also visited: Sewer.

You collected 291 gold pieces.

Inventory:

Hand weapons
 a - a +0 war axe
 q - a +2 hand axe of electrocution (weapon)
Armour
 b - a +0 scale mail
 c - a +0 shield (worn)
 r - a +0 chain mail (worn)
 D - a +1 helmet (worn)
Jewellery
 J - a +2 ring of intelligence {unknown}
Magical devices
 m - a wand of polymorph (6)
 s - a wand of cold (7)
 y - a wand of draining (5)
 C - a wand of hasting (3)
 F - a wand of frost (28)
Scrolls
 i - 3 scrolls of remove curse {unknown}
 k - 2 scrolls of blinking {unknown}
 l - 5 scrolls of identify {unknown}
 p - a scroll of enchant armour {unknown}
 t - 2 scrolls of enchant weapon {unknown}
 u - a scroll of magic mapping {unknown}
 w - 3 scrolls of recharging {unknown}
 G - a scroll of fear {unknown}
 H - a scroll of fog {unknown}
Potions
 d - 4 potions of might
 f - 3 potions of haste {unknown}
 h - 2 potions of mutation {unknown}
 j - a potion of agility {unknown}
 o - 2 potions of poison {unknown}
 v - 7 potions of heal wounds {unknown}
 x - a potion of ambrosia {unknown}
 z - 4 potions of flight {unknown}
 A - 3 potions of curing {unknown}
Books
 I - a book of Conjurations

   Spells                             Type                      Level
   a - Magic Dart                     Conjuration                  1
   b - Searing Ray                    Conjuration                  2
   c - Dazzling Spray                 Conjuration/Hexes            3
   d - Fulminant Prism                Conjuration/Hexes            4
   e - Iskenderun's Mystic Blast      Conjuration                  4
   f - Iskenderun's Battlesphere      Conjuration/Charms           5
Comestibles
 e - 4 bread rations
 g - 4 meat rations
 n - a slice of pizza
 B - a beef jerky
 E - 4 chunks of flesh


   Skills:
 + Level 6.3 Fighting
 + Level 6.0 Axes
 + Level 6.4 Armour
 - Level 0.1 Dodging
 + Level 7.2 Shields


You had 8 spell levels left.
You didn't know any spells.

Dungeon Overview and Level Annotations

Branches:
Dungeon (6/15)             Temple (0/1) D:4

Altars:
Cheibriados
Zin

Annotations:
D:5 Prince Ribbit
D:6 Edmund


Innate Abilities, Weirdness & Mutations

You are resistant to torment.
Your stone body is resilient (AC +5).
You are immune to poison.
You resist negative energy.
You are resistant to electric shocks.
You can survive without breathing.
You are immune to petrification.
You are immune to rotting.
Scrolls take you a little longer to read.
Your magical capacity is low (-10% MP).
You are resistant to hostile enchantments.
You heal slowly when monsters are visible.
Your spells are a little harder to cast, but a little more powerful.


Message History

You hit the adder skeleton.
There is a sudden explosion of sparks!
Prince Ribbit hits you. The adder skeleton barely misses you.
You hit Prince Ribbit.
Prince Ribbit is moderately wounded.
You hit the adder skeleton.
There is a sudden explosion of sparks!
You destroy the adder skeleton!
Prince Ribbit hits you! x2
You hit Prince Ribbit.
There is a sudden explosion of sparks!
Prince Ribbit is heavily wounded.
Prince Ribbit blinks!
You hit the ogre.
The ogre is lightly wounded.
Prince Ribbit hops awkwardly around.
The ogre hits you with a giant club!
Prince Ribbit momentarily phases out as your attack passes through him.
Prince Ribbit is heavily wounded.
You hit the ogre.
There is a sudden explosion of sparks!
The ogre is severely wounded.
The ogre hits you with a giant club!!
You die...

###.##..##...........#
......#...............#
.........#.#..#.[.....##
..$...#...............#.
........>.............'.
...........####....####.
....................# #.
......F....#......<.# #.
......O@####........###.
.......## #.........##.
.)..... #.........##.
....... #.........##.
....... #.........##.
....... #.........###
....>.. #.........#
....... #.........#
#.........#


You could see Prince Ribbit and an ogre.

Vanquished Creatures
  Eustachio (D:5)
  A sky beast (D:5)
  2 ogres
  The ghost of Zeimah the Grave Robber, an average DsNe (Sewer)
  5 big kobolds (Sewer)
  A giant frog (D:5)
  A scorpion (D:4)
  2 jellies (D:5)
  Ijyb (D:3)
  Jessica (D:2)
  3 orc priests (D:5)
  Terence (D:3)
  9 worker ants
  Robin (D:3)
  6 river rats (Sewer)
  11 adders
  2 shadow imps (D:5)
  An ooze (D:2)
  2 adder skeletons (D:5)
  6 giant geckos
  8 orcs (D:5)
  10 ball pythons
  4 giant cockroaches
  7 hobgoblins
  13 kobolds
  4 quokkas
  3 bats (D:1)
  A giant gecko skeleton (D:4)
  7 giant newts
  22 goblins
  19 jackals
  22 rats
178 creatures vanquished.

Notes
Turn   | Place    | Note
--------------------------------------------------------------
     0 | D:1      | sugabear the Gargoyle Fighter began the quest for the Orb.
     0 | D:1      | Reached XP level 1. HP: 14/14 MP: 1/1
   187 | D:1      | Reached XP level 2. HP: 12/19 MP: 2/2
   469 | D:1      | Reached XP level 3. HP: 23/23 MP: 3/3
   876 | D:3      | Noticed Terence
   894 | D:2      | Reached XP level 4. HP: 24/29 MP: 4/4
   926 | D:2      | Noticed Jessica
   930 | D:2      | Killed Jessica
   930 | D:2      | Reached skill level 4 in Fighting
  1224 | D:3      | Killed Terence
  1224 | D:3      | Reached XP level 5. HP: 23/33 MP: 5/5
  1317 | D:3      | Found a snail-covered altar of Cheibriados.
  1480 | D:4      | Found a staircase to the Ecumenical Temple.
  1517 | D:4      | Reached XP level 6. HP: 31/38 MP: 6/6
  1593 | D:4      | Noticed an ogre
  1600 | D:4      | Killed an ogre
  1666 | D:4      | Reached skill level 5 in Shields
  1670 | D:4      | Reached skill level 5 in Armour
  1968 | D:4      | Found a glowing drain.
  1973 | Sewer    | Entered a sewer
  2025 | Sewer    | Reached XP level 7. HP: 37/44 MP: 7/7
  2061 | Sewer    | Noticed Zeimah's ghost (average DsNe)
  2072 | Sewer    | Killed Zeimah's ghost
  2072 | Sewer    | Reached skill level 5 in Fighting
  2302 | Sewer    | Reached skill level 6 in Shields
  2302 | Sewer    | Reached XP level 8. HP: 50/50 MP: 8/8
  2583 | D:4      | Found a glowing silver altar of Zin.
  3031 | D:3      | Noticed Robin
  3035 | D:3      | Killed Robin
  3081 | D:3      | Noticed Ijyb
  3095 | D:3      | Killed Ijyb
  3362 | D:5      | Entered Level 5 of the Dungeon
  3415 | D:6      | Noticed Edmund
  3427 | D:5      | Noticed Prince Ribbit
  3427 | D:5      | Noticed Eustachio
  3428 | D:5      | Reached skill level 5 in Axes
  3781 | D:5      | Killed Eustachio
  3808 | D:5      | Reached skill level 7 in Shields
  3900 | D:5      | Reached XP level 9. HP: 46/55 MP: 9/9
  3920 | D:5      | Gained mutation: You heal slowly when monsters are visible. [mutagenic meat]
  3921 | D:5      | Gained mutation: Scrolls take you a little longer to read. [mutagenic meat]
  3922 | D:5      | Gained mutation: You are resistant to hostile enchantments. [mutagenic meat]
  3923 | D:5      | Gained mutation: Your magical capacity is low (-10% MP). [mutagenic meat]
  3924 | D:5      | Gained mutation: Your spells are a little harder to cast, but a little more powerful. [mutagenic meat]
  3957 | D:5      | Slain by an ogre

Vault maps used:
D:1:      onia_arrival_pentagram, serial_curves, eino_curves_04, eino_curves_03,
          minivault_23
D:2:      uniq_jessica
D:3:      first_bread, cheibriados_altar_1, uniq_terence, uniq_robin, uniq_iyjb
D:4:      kennysheep_goblin_castle, zin_statuary, minmay_temple_entry_crystal_x,
          lightli_sewer_entry_pipes
D:5:      uniq_prince_ribbit1, uniq_eustachio
D:6:      serial_shops, nicolae_shop_crystal, uniq_menkaure, uniq_blork_the_orc,
          uniq_edmund, uniq_sigmund
Sewer:    sewer_minmay_treatment

Action                   |  1- 3 |  4- 6 |  7- 9 || total
-------------------------+-------+-------+-------++-------
Melee: War axe           |    88 |    30 |       ||   118
       Unarmed           |       |     1 |       ||     1
       Hand axe          |       |    92 |   271 ||   363
  Eat: Chunk             |       |     4 |    13 ||    17
